 Dungeon Crawl Stone Soup version 0.21.1-1-g345015f (webtiles) character file.

4729 shakethe the Thaumaturge (level 10, -5/59 HPs)
             Began as a Deep Elf Conjurer on Feb 26, 2018.
             Was a Believer of Vehumet.
             Slain by an orc warrior
             ... wielding a +0 dire flail
              (12 damage)
             ... on level 8 of the Dungeon.
             The game lasted 00:44:07 (13173 turns).

shakethe the Thaumaturge (Deep Elf Conjurer)       Turns: 13173, Time: 00:44:08

Health: -5/59      AC: 12    Str:  5    XL:     10   Next: 22%
Magic:  13/24      EV: 16    Int: 26    God:    Vehumet [**....]
Gold:   347        SH:  0    Dex: 15    Spells: 4/26 levels left

rFire    . . .     SeeInvis .   h - +0 short sword (venom)
rCold    . . .     Gourm    .   (no shield)
rNeg     . . .     Faith    .   B - +3 leather armour {MR+}
rPois    .         Spirit   .   q - +0 helmet
rElec    .         Reflect  .   o - +0 cloak
rCorr    .         Harm     .   m - +0 pair of gloves (curse)
MR       ++...                  D - +2 pair of boots
Stlth    ++++......             (no amulet)
HPRegen  0.19/turn              e - +2 ring of intelligence
MPRegen  0.19/turn              (no ring)

@: about to teleport
A: no striking features
a: Renounce Religion


You were on level 8 of the Dungeon.
You worshipped Vehumet.
Vehumet was pleased with you.
You were not hungry.

You visited 2 branches of the dungeon, and saw 10 of its levels.

You collected 347 gold pieces.

Inventory:

Hand Weapons
 h - a +0 short sword of venom (weapon)
   (You took it off a kobold on level 2 of the Dungeon)
Missiles
 a - 2 throwing nets {=f, !d}
 d - 175 stones (quivered)
Armour
 m - a cursed +0 pair of gloves (worn)
   (You found it on level 2 of the Dungeon)
 o - a +0 cloak (worn)
   (You found it on level 2 of the Dungeon)
 q - a +0 helmet (worn)
   (You took it off Robin on level 2 of the Dungeon)
 B - a +3 leather armour of magic resistance (worn)
   (You took it off Ijyb on level 4 of the Dungeon)
 D - a +2 pair of boots (worn)
   (You found it on level 5 of the Dungeon)
Jewellery
 e - a +2 ring of intelligence (left hand)
   (You found it on level 1 of the Dungeon)
Wands
 l - a wand of random effects (24)
   (You found it on level 4 of the Dungeon)
 A - a wand of enslavement (7)
   (You took it off Ijyb on level 4 of the Dungeon)
 G - a wand of iceblast (10)
   (You found it on level 5 of the Dungeon)
 H - a wand of scattershot (6)
   (You took it off Maurice on level 8 of the Dungeon)
Scrolls
 g - 4 scrolls of teleportation
 i - 4 scrolls of remove curse {unknown}
 s - a scroll of fear {unknown}
 t - 2 scrolls of magic mapping {unknown}
 u - a scroll of blinking {unknown}
 w - 3 scrolls of identify
 x - a scroll of enchant weapon {unknown}
 y - 2 scrolls of noise {unknown}
 z - 3 scrolls of amnesia {unknown}
 C - a scroll of immolation {unknown}
 K - a scroll of torment {unknown}
Potions
 f - 3 potions of mutation {unknown}
 j - 2 potions of resistance
 k - 2 potions of agility
 n - a potion of lignification {!q}
 p - 2 potions of degeneration {!q}
 r - a potion of berserk rage {unknown}
 E - 3 potions of cancellation {unknown}
 F - a potion of might {unknown}
 J - a potion of brilliance
Books
 b - a book of Conjurations
 v - a book of Geomancy
   (You found it on level 7 of the Dungeon)
 I - a book of Necromancy
   (You found it on level 6 of the Dungeon)
Comestibles
 c - 11 rations


   Skills:
 + Level 5.0 Fighting
 + Level 8.0 Dodging
 + Level 8.1 Stealth
 + Level 8.8 Spellcasting
 + Level 8.3 Conjurations
 + Level 4.2 Necromancy
 + Level 4.1 Earth Magic


You had 4 spell levels left.
You knew the following spells:

 Your Spells              Type           Power        Failure   Level  Hunger
a - Magic Dart            Conj           ####         1%          1    None
b - Searing Ray           Conj           ######       1%          2    None
c - Dazzling Spray        Conj/Hex       ####..       4%          3    None
d - Force Lance           Conj/Tloc      ####....     16%         4    #......
e - Borgnjor's Vile Clut  Necr/Erth      ####......   38%         5    ####...
r - Regeneration          Chrm/Necr      ###.......   11%         3    None
x - Iskenderun's Mystic   Conj           ######..     2%          4    #......


Dungeon Overview and Level Annotations

Branches:
Dungeon (9/15)             Temple (1/1) D:5
   Lair: D:8-11         Orc: D:9-12

Altars:
Ashenzari
Dithmenos
Makhleb
Okawaru
Qazlal
Ru
Uskayaw
Vehumet
Xom
Yredelemnul
Zin
The Shining One

Annotations:
D:3 shakethe's ghost, novice HOGl
D:7 grindst0ne's ghost, novice OgHu
D:8 grindst0ne's ghost, novice OgHu


Message History

Aim: a gnoll, wearing a ring mail
Okay, then.
The hound moves out of view.
Aim: a gnoll, wearing a ring mail You miscast Searing Ray.
You are very lightly contaminated with residual magic.
Nothing appears to happen.
You now have 22/24 mp.
Aim: a gnoll, wearing a ring mail The searing ray hits the gnoll. (Press . to maintain the ray.)
The gnoll closely misses you.
You now have 20/24 mp.
The searing ray hits the gnoll.
You kill the gnoll!
Vehumet accepts your kill.
You now have 19/24 mp.
The searing ray hits the hound.
The hound bites you but does no damage. The hound closely misses you.
You now have 18/24 mp.
The searing ray hits the hound.
You kill the hound!
Vehumet accepts your kill.
You feel your power returning.
The searing ray hits the gnoll.
You kill the gnoll!
Vehumet accepts your kill.
You feel your power returning.
You finish channeling your searing ray.
You regained 2 mp, and now have 20/24 mp.
You see here a ring mail.
A gnoll comes into view.
Items here: ! ( ) † a spear; 25 stones; a blue potion; a gnoll corpse
Aim: a gnoll (hasn't noticed you)
The searing ray hits the gnoll.
The gnoll shouts! (Press . to maintain the ray.)
You hear a shout!
The gnoll hits you.
You hear a shout! x3
You take 2 damage, and have 57/59 hp.
You now have 18/24 mp.
The searing ray hits the gnoll.
The gnoll completely misses you.
You now have 17/24 mp.
The searing ray hits the gnoll.
You kill the gnoll!
Vehumet accepts your kill.
You feel your power returning.
Your Dodging skill increases to level 8!
An orc priest comes into view. It is wielding a flail.
The orc priest shouts!
The orc priest moves out of view.
A quokka comes into view.
An orc warrior comes into view. It is wielding a dire flail.
Health restored: 59 The orc warrior completely misses you.
An orc priest comes into view.
Items here: ! ( ) † a spear; 25 stones; a blue potion; a gnoll corpse You see here a ring mail.
Your magical contamination has completely faded away.
The quokka twitches its whiskers.
The quokka bites you but does no damage.
Aim: a quokka The searing ray hits the quokka.
You kill the quokka!
Vehumet accepts your kill. (Press . to maintain the ray.)
You now have 18/24 mp.
The searing ray hits the orc warrior.
The orc warrior barely misses you.
You now have 17/24 mp.
The searing ray hits the orc warrior.
The searing ray hits the orc warrior.
You finish channeling your searing ray.
The orc warrior closely misses you.
The orc priest mumbles some strange prayers to Beogh against you.
Beogh smites you!
You take 16 damage, and have 43/59 hp.
MASSIVE DAMAGE!!
You now have 16/24 mp.
Aim: an orc warrior, wielding a dire flail and wearing a plate armour (moderately wounded)
The orb of energy hits the orc warrior.
The orc warrior hits you with a dire flail!!
The orc priest calls upon Beogh to heal the orc warrior.
The orc warrior is healed somewhat.
You take 24 damage, and have 19/59 hp.
MASSIVE DAMAGE!!
You now have 12/24 mp.
The orc priest calls upon Beogh to heal the orc warrior.
The orc warrior's wounds heal themselves!
You hear a shout!
Unknown command.
As you read the scroll of teleportation, it crumbles to dust.
You feel strangely unstable.
You hear a shout!
The orc warrior hits you but does no damage.
The orc priest calls down the wrath of Beogh upon you.
Beogh smites you!
* * * LOW HITPOINT WARNING * * *
You take 12 damage, and have 7/59 hp.
MASSIVE DAMAGE!!
The orc warrior hits you with a dire flail!
You die...

### ##.## ##...## ..... ... ..##
#.# ... . #@# ..#. #o######## ...
#....o†..# ##.## #
################.######[###o..#.#
...................# #)##.......
#########........#.####.o........
##.<[[<..[.......#.............##
.#.######.################.......
...# ##.## .......#


You could see an orc warrior.

Vanquished Creatures
  Maurice (D:8)
  Joseph (D:7)
  Prince Ribbit (D:5)
  2 hippogriffs (D:8)
  A hungry ghost (D:7)
  Menkaure (D:5)
  An eye of draining (D:8)
  5 orc warriors
  2 phantoms
  3 ogres
  3 centaurs
  A big kobold (D:7)
  3 bullfrogs
  3 scorpions
  A killer bee (D:7)
  4 wights (D:3)
  2 electric eels (D:7)
  5 howler monkeys
  4 crimson imps
  A centaur skeleton (D:4)
  An orc priest (D:6)
  3 hounds
  A jelly (D:8)
  6 orc wizards
  A bullfrog skeleton (D:4)
  Ijyb (D:4)
  3 iguanas
  4 worker ants
  Robin (D:2)
  8 gnolls
  10 adders
  3 shadow imps
  An ooze (D:2)
  An adder zombie (D:6)
  An adder skeleton (D:4)
  3 dart slugs
  6 leopard geckos
  27 orcs
  9 giant cockroaches
  18 goblins
  15 hobgoblins
  8 jackals
  11 kobolds
  7 quokkas
  A ball python (D:3)
  7 bats
  8 frilled lizards
  A leopard gecko zombie (D:6)
  14 rats
225 creatures vanquished.

Notes
Turn   | Place    | Note
-------+----------+-------------------------------------------
     0 | D:1      | shakethe the Deep Elf Conjurer began the quest for the Orb.
     0 | D:1      | Reached XP level 1. HP: 10/10 MP: 6/6
   177 | D:1      | Reached XP level 2. HP: 14/16 MP: 4/8
   542 | D:1      | Reached skill level 3 in Dodging
   577 | D:1      | Reached XP level 3. HP: 20/20 MP: 8/10
   864 | D:1      | Reached skill level 1 in Fighting
   877 | D:1      | Learned a level 2 spell: Searing Ray
   881 | D:1      | Learned a level 3 spell: Dazzling Spray
  1307 | D:2      | Reached XP level 4. HP: 25/25 MP: 7/11
  1408 | D:2      | Reached skill level 4 in Spellcasting
  1545 | D:2      | Reached skill level 5 in Conjurations
  1546 | D:2      | Noticed Robin
  1547 | D:2      | Killed Robin
  1976 | D:3      | Learned a level 4 spell: Force Lance
  1991 | D:3      | Noticed an angel
  1992 | D:3      | Found a glowing silver altar of Zin.
  1992 | D:3      | Found a shimmering altar of Xom.
  2105 | D:3      | Reached skill level 3 in Stealth
  2105 | D:3      | Reached XP level 5. HP: 29/30 MP: 9/13
  2109 | D:3      | Reached skill level 4 in Dodging
  2303 | D:3      | Reached skill level 2 in Fighting
  2334 | D:3      | Reached XP level 6. HP: 20/35 MP: 1/15
  2776 | D:3      | Noticed shakethe's ghost (novice HOGl)
  3301 | D:3      | Found a glowing golden altar of the Shining One.
  3486 | D:3      | Reached skill level 5 in Spellcasting
  3692 | D:3      | Learned a level 4 spell: Iskenderun's Mystic Blast
  3738 | D:4      | Found a radiant altar of Vehumet.
  3768 | D:4      | Found a burning altar of Makhleb.
  3886 | D:4      | Became a worshipper of Vehumet
  3973 | D:4      | Reached skill level 4 in Stealth
  4235 | D:4      | Reached XP level 7. HP: 35/40 MP: 13/17
  4509 | D:4      | Reached skill level 6 in Conjurations
  4624 | D:4      | Noticed Ijyb
  4679 | D:4      | Killed Ijyb
  4775 | D:4      | Reached skill level 5 in Dodging
  4801 | D:5      | Entered Level 5 of the Dungeon
  4888 | D:5      | Found a shadowy altar of Dithmenos.
  4891 | D:5      | Found a basalt altar of Yredelemnul.
  4891 | D:5      | Found a stormy altar of Qazlal.
  4895 | D:5      | Found a hide-covered altar of Uskayaw.
  5125 | D:5      | Found a staircase to the Ecumenical Temple.
  5154 | D:5      | Found a shattered altar of Ashenzari.
  5154 | D:5      | Found a sacrificial altar of Ru.
  5208 | D:5      | Noticed Menkaure
  5212 | D:5      | Killed Menkaure
  5212 | D:5      | Reached skill level 3 in Fighting
  5212 | D:5      | Reached skill level 5 in Stealth
  5212 | D:5      | Reached skill level 6 in Spellcasting
  5225 | Temple   | Entered the Ecumenical Temple
  5576 | D:5      | Reached * piety under Vehumet
  5576 | D:5      | Offered knowledge of Flame Tongue by Vehumet.
  5694 | D:5      | Reached XP level 8. HP: 38/46 MP: 1/19
  5865 | D:5      | Found an iron altar of Okawaru.
  6175 | D:6      | Noticed Prince Ribbit
  6210 | D:5      | Reached skill level 6 in Dodging
  6387 | D:5      | Killed Prince Ribbit
  6387 | D:5      | Reached skill level 6 in Stealth
  6387 | D:5      | Reached skill level 7 in Spellcasting
  6387 | D:5      | Reached skill level 7 in Conjurations
  6810 | D:6      | Learned a level 5 spell: Borgnjor's Vile Clutch
  7103 | D:6      | HP: 10/48 [orc warrior/short sword (15)]
  7108 | D:6      | Reached skill level 4 in Fighting
  7471 | D:6      | Reached skill level 1 in Necromancy
  7471 | D:6      | Reached skill level 1 in Earth Magic
  7758 | D:6      | Reached XP level 9. HP: 45/52 MP: 16/22
  8087 | D:7      | Noticed grindst0ne's ghost (novice OgHu)
  8773 | D:6      | HP: 13/52 [poisoned by grindst0ne's ghost]
  8778 | D:6      | HP: 10/52 [poisoned by grindst0ne's ghost]
  8783 | D:6      | HP: 8/52 [poisoned by grindst0ne's ghost]
  8788 | D:6      | HP: 7/52 [poisoned by grindst0ne's ghost]
  8795 | D:6      | HP: 6/52 [poisoned by grindst0ne's ghost]
  8803 | D:6      | HP: 5/52 [poisoned by grindst0ne's ghost]
  9497 | D:7      | Reached skill level 2 in Necromancy
  9497 | D:7      | Reached skill level 2 in Earth Magic
  9581 | D:7      | Reached skill level 7 in Stealth
  9677 | D:7      | Reached skill level 7 in Dodging
 10211 | D:7      | Noticed Joseph
 10221 | D:7      | Killed Joseph
 10221 | D:7      | Reached skill level 8 in Spellcasting
 10221 | D:7      | Reached skill level 3 in Necromancy
 10280 | D:8      | HP: 6/52 [hippogriff (8)]
 10281 | D:8      | HP: 2/52 [hippogriff (4)]
 10282 | D:8      | Reached skill level 3 in Earth Magic
 10611 | D:7      | Reached ** piety under Vehumet
 10635 | D:8      | Noticed Maurice
 10638 | D:8      | Offered knowledge of Sting by Vehumet.
 10816 | D:9      | Reached skill level 8 in Conjurations
 11678 | D:8      | Reached XP level 10. HP: 57/58 MP: 16/24
 12040 | D:8      | Reached skill level 4 in Necromancy
 12131 | D:8      | Reached skill level 8 in Stealth
 12211 | D:8      | Noticed grindst0ne's ghost (novice OgHu)
 12280 | D:8      | Killed Maurice
 12280 | D:8      | Reached skill level 5 in Fighting
 12280 | D:8      | Reached skill level 4 in Earth Magic
 12420 | D:8      | HP: 14/59 [grindst0ne's ghost (3)]
 12461 | D:7      | HP: 14/59 [poisoned by grindst0ne's ghost]
 12466 | D:7      | HP: 13/59 [poisoned by grindst0ne's ghost]
 12471 | D:7      | HP: 11/59 [poisoned by grindst0ne's ghost]
 12477 | D:6      | HP: 5/59 [poisoned by grindst0ne's ghost]
 12483 | D:6      | HP: 3/59 [poisoned by grindst0ne's ghost]
 12488 | D:6      | HP: 2/59 [poisoned by grindst0ne's ghost]
 12496 | D:6      | HP: 2/59 [poisoned by grindst0ne's ghost]
 12874 | D:8      | Learned a level 3 spell: Regeneration
 13150 | D:8      | Reached skill level 8 in Dodging
 13171 | D:8      | HP: 7/59 [orc priest/divine providence (13)]
 13173 | D:8      | Slain by an orc warrior

Skill      XL: |  1  2  3  4  5  6  7  8  9 10 |
---------------+-------------------------------+-----
Dodging        | 3 4 5 6 7 8 |  8.0
Fighting       | 1 2 3 4 5 |  5.0
Spellcasting   | 4 5 6 7 8 |  8.8
Conjurations   | 5 6 7 8 |  8.3
Stealth        | 3 4 5 6 7 8 |  8.1
Necromancy     | 1 3 4 |  4.2
Earth Magic    | 1 3 4 |  4.1

Action                   |  1- 3 |  4- 6 |  7- 9 | 10-12 || total
-------------------------+-------+-------+-------+-------++-------
Melee: Short sword       |    23 |    14 |    64 |    23 ||   124
Throw: Stone             |     3 |       |     6 |       ||     9
 Cast: Magic Dart        |    56 |   117 |   163 |    18 ||   354
       Searing Ray       |     3 |    14 |    39 |    10 ||    66
       Iskenderun's Myst |       |     4 |    54 |    16 ||    74
       Force Lance       |       |       |     2 |     1 ||     3
  Use: Scroll            |       |     5 |     5 |     1 ||    11
       Potion            |       |     1 |     4 |     1 ||     6
  Eat: Chunk             |     1 |     7 |    10 |     6 ||    24
       Ration            |       |     1 |     5 |       ||     6
Armor: Robe              |    13 |     7 |     2 |       ||    22
       Leather armour    |       |       |    75 |    20 ||    95
       Skin              |       |       |     6 |       ||     6
Dodge: Dodged            |    23 |    38 |   162 |    52 ||   275

Vault maps used:
D:1:      matt_arrival_diagonals, hangedman_decor_peaks_small
D:2:      first_ration, uniq_robin
D:3:      grunt_temple_overflow_order_and_chaos_1, old_standard_altar
D:4:      overflow_temple_1_default, kennysheep_mini_moat, uniq_ijyb
D:5:      grunt_temple_overflow_open, lemuel_coloured_pillars_altar,
          gammafunk_temple_overflow_wave, temple_fountains, uniq_menkaure
D:6:      uniq_prince_ribbit1
D:7:      wad_river_or_something, uniq_joseph
D:8:      uniq_maurice
D:9:      serial_shops, nicolae_shop_trees, uniq_erolcha
Temple:   cyrus_temple_forest

Table legend:
 A = Turns spent in this place as a percentage of turns spent in the entire game.
 B = Non-inter-level travel turns spent in this place as a percentage of non-inter-level travel turns spent in the entire game.
 C = Inter-level travel turns spent in this place as a percentage of turns spent in this place.
 D = Turns resting spent in this place as a percentage of non-inter-level travel turns spent in this place.
 E = Turns spent auto-exploring this place as a percentage of non-inter-level travel turns spent in this place.
 F = Non-inter-level travel turns spent in this place divided by the number of levels of this place that you've seen.
                   A       B       C       D       E      F
               +-------+-------+-------+-------+-------+----------------------
         Total | 100.0 | 100.0 |   1.2 |  42.5 |  25.1 | 1302.1
       Dungeon |  98.5 |  98.5 |   1.2 |  41.6 |  25.5 | 1424.9
        Temple |   1.5 |   1.5 |   0.0 |  99.0 |   0.0 | 197.0
               +-------+-------+-------+-------+-------+----------------------

Table legend:
 A = Kills in this place as a percentage of kills in entire the game.
 B = Kills by you in this place as a percentage of kills by you in the entire game.
 C = Kills by friends in this place as a percentage of kills by friends in the entire game.
 D = Other kills in this place as a percentage of other kills in the entire game.
 E = Experience gained in this place as a percentage of experience gained in the entire game.
 F = Experience gained in this place divided by the number of levels of this place that you have seen.
                   A       B       C       D       E      F
               +-------+-------+-------+-------+-------+----------------------
         Total | 100.0 | 100.0 |   N/A |   N/A | 100.0 | 675.7
       Dungeon | 100.0 | 100.0 |   N/A |   N/A | 100.0 | 750.8
               +-------+-------+-------+-------+-------+----------------------
